 Dungeon Crawl Stone Soup version 0.29.1-1-gd02db6906a (webtiles) character file.

Game seed: 15450586373857751724

283557 Colgate the Slayer (level 21, -4/178 (187) HPs)
             Began as a Formicid Hunter on Oct 6, 2022.
             Was a High Priest of Okawaru.
             Slain by a +1 vorpal battleaxe (16 damage)
             ... animated by Zenata
             ... on level 1 of the Vaults.
             The game lasted 04:27:09 (62243 turns).

Colgate the Slayer (Formicid Hunter)               Turns: 62243, Time: 04:27:09

HP:   -4/178 (187)  AC: 33    Str: 18    XL:     21   Next: 43%
MP:   0/28          EV:  8    Int: 15    God:    Okawaru [*****.]
Gold: 339           SH: 14    Dex: 19    Spells: 20/20 levels left

rFire   . . .      SeeInvis +   b - +9 great sword of Nalu {speed, rElec Str-4 Int+3 SInv}
rCold   + . .      Faith    .   R - +0 kite shield {reflect}
rNeg    . . .      Spirit   +   M - +5 plate armour {rC+}
rPois   +          Reflect  +   (helmet unavailable)
rElec   +          Harm     .   P - scarf {shadows}
rCorr   .          Rampage  +   F - +2 pair of gloves
Will    +++..                   s - +2 pair of boots {rampage}
Stlth   ..........              c - amulet "Iseasiat" {Spirit Drain *Slow rPois Regen+}
HPRegen 1.19/turn               Q - +4 ring of protection
MPRegen 0.21/turn               N - ring of willpower

@: studying Stealth, lightly drained, unable to drink
A: permanent stasis, dig shafts and tunnels, antennae 3, four strong arms,
inability to drink after injury 1
}: 2/15 runes: barnacled, gossamer
a: Dig, Shaft Self, Renounce Religion, Heroism, Finesse, Duel


You were on level 1 of the Vaults.
You worshipped Okawaru.
Okawaru was extremely pleased with you.
You visited 8 branches of the dungeon, and saw 35 of its levels.
You also visited: Gauntlet and Ice Cave.

You collected 3941 gold pieces.
You spent 3602 gold pieces at shops.

Inventory:

Hand Weapons
 a - the +6 hand crossbow of Distant Worlds {flame, rN+ Will+ Stlth+}
   (Okawaru gifted it to you on level 11 of the Dungeon)

   Any ammunition fired from it burns those it strikes, dealing additional fire
   damage.
   rN:        It protects you from negative energy.
   Will:      It increases your willpower.
   Stlth:     It makes you more stealthy.
 b - the +9 great sword of Nalu (weapon) {speed, rElec Str-4 Int+3 SInv}
   (Okawaru gifted it to you on level 4 of the Lair of Beasts)

   Attacks with this weapon are significantly faster.
   Str:       It affects your strength (-4).
   Int:       It affects your intelligence (+3).
   rElec:     It insulates you from electricity.
   SInv:      It lets you see invisible.
 t - a +3 hand crossbow of freezing
 L - a +0 vorpal battleaxe
Missiles
 w - 6 silver javelins
 I - 4 throwing nets {!f}
 S - 6 curare-tipped darts
Armour
 s - a +2 pair of boots of rampaging (worn)
 F - a +2 pair of gloves (worn)
 M - a +5 plate armour of cold resistance (worn)
 P - a scarf of shadows (worn)
 R - a +0 kite shield of reflection (worn)
 T - the +3 tower shield of the Devil's Advocate {Int+6}
   (Okawaru gifted it to you on level 4 of the Shoals)

   Int:       It affects your intelligence (+6).
Jewellery
 c - the amulet "Iseasiat" (around neck) {Spirit Drain *Slow rPois Regen+}
   (You found it in a Gauntlet)

   [amulet of guardian spirit]

   It causes incoming damage to be divided between your reserves of health and
   magic.
   rPois:     It protects you from poison.
   Regen:     It increases your rate of health regeneration.
   Drain:     It drains your maximum health when unequipped.
   *Slow:     It may slow you when you take damage.
 v - a ring of resist corrosion
 y - a ring of positive energy
 A - the ring of Yredelemnul, Forging {rF+ rC- AC+4 Str+5}
   (You bought it in a shop on level 15 of the Dungeon)

   [ring of protection]

   AC:        It affects your AC (+4).
   Str:       It affects your strength (+5).
   rF:        It protects you from fire.
   rC:        It makes you vulnerable to cold.
 N - a ring of willpower (right hand)
 O - a ring of protection from cold
 Q - a +4 ring of protection (left hand)
 V - a ring of protection from fire
 Y - a ring of poison resistance
 Z - a ring of protection from cold
Wands
 m - a wand of polymorph (10)
 u - a wand of roots (27) {@v2}
 x - a wand of flame (52)
 z - a wand of quicksilver (19)
 C - a wand of paralysis (20)
 J - a wand of mindburst (1)
 X - a wand of digging (14) {@v3}
Scrolls
 f - 5 scrolls of poison
 p - 3 scrolls of amnesia
 E - 6 scrolls of fear
 H - 3 scrolls of vulnerability
 U - 2 scrolls of magic mapping {@r5}
 W - a scroll of silence
Potions
 d - 8 potions of might {@q3}
 e - 10 potions of curing {@q1}
 h - 3 potions of cancellation
 i - 3 potions of resistance {@q5}
 j - 10 potions of attraction
 k - 3 potions of flight
 l - 10 potions of ambrosia
 n - 5 potions of brilliance
 o - 8 potions of heal wounds {@q2}
 q - 4 potions of magic
 B - 2 potions of mutation
 D - 3 potions of invisibility
 G - 3 potions of lignification
Miscellaneous
 g - a tin of tremorstones (2/2)
 r - a phial of floods
 K - a lightning rod (4/4)


   Skills:
 + Level 21.5 Fighting
 - Level 15.0 Long Blades
 - Level 13.0 Axes
 - Level 5.0 Staves
 - Level 4.0 Ranged Weapons
 - Level 15.2 Armour
 - Level 4.5 Dodging
 - Level 7.0 Stealth
 - Level 15.0 Shields
 - Level 10.3 Invocations
 - Level 13.0 Evocations


You had 20 spell levels left.
You didn't know any spells.
Your spell library contained the following spells:

 Spells                   Type           Power      Damage    Failure   Level
 Freeze                   Ice            0%         1d3       99%         1
 Necrotise                Necr           0%         1d4       99%         1
 Sandblast                Erth           0%         2d4       99%         1
 Slow                     Hex            0%         N/A       99%         1
 Sting                    Tmut/Pois      0%         1d3       99%         1
 Ensorcelled Hibernation  Hex/Ice        0%         N/A       100%        2
 Passwall                 Tmut/Erth      0%         N/A       100%        2
 Scorch                   Fire           0%         2d5       100%        2
 Static Discharge         Conj/Air       0%         3-3/arc   100%        2
 Confusing Touch          Hex            0%         N/A       100%        3
 Frozen Ramparts          Ice            0%         1d1       100%        3
 Mephitic Cloud           Conj/Pois/Air  0%         N/A       100%        3
 Spider Form              Tmut/Pois      0%         N/A       100%        3
 Stone Arrow              Conj/Erth      0%         3d7       100%        3
 Vampiric Draining        Necr           0%         2d6       100%        3
 Airstrike                Air            0%         2d(0-16)  100%        4
 Anguish                  Hex/Necr       0%         N/A       100%        4
 Corpse Rot               Necr/Pois/Air  0%         N/A       100%        4
 Dispel Undead            Necr           0%         3d6       100%        4
 Fulminant Prism          Conj/Hex       0%         3d6       100%        4
 Hailstorm                Conj/Ice       0%         3d3       100%        4
 Passage of Golubria      Tloc           0%         N/A       100%        4
 Petrify                  Tmut/Erth      0%         N/A       100%        4
 Sticky Flame             Conj/Fire      0%         2d3       100%        4
 Agony                    Necr           0%         N/A       100%        5
 Alistair's Intoxication  Tmut/Pois      0%         N/A       100%        5
 Blade Hands              Tmut           0%         N/A       100%        5
 Borgnjor's Vile Clutch   Necr/Erth      0%         N/A       100%        5
 Fireball                 Conj/Fire      0%         3d3       100%        5
 Iskenderun's Battlesphe  Conj           0%         2d6       100%        5
 Lightning Bolt           Conj/Air       0%         1d11      100%        5
 Metabolic Englaciation   Hex/Ice        0%         N/A       100%        5
 Silence                  Hex/Air        0%         N/A       100%        5
 Yara's Violent Unravell  Hex/Tmut       0%         3d3       100%        5
 Eringya's Noxious Bog    Tmut/Pois      0%         N/A       100%        6
 Iron Shot                Conj/Erth      0%         9d1       100%        6
 Starburst                Conj/Fire      0%         6d3       100%        6
 Statue Form              Tmut/Erth      0%         N/A       100%        6
 Enfeeble                 Hex            0%         N/A       100%        7
 Orb of Destruction       Conj           0%         9d5       100%        7
 Storm Form               Tmut/Air       0%         N/A       100%        7
 Ignition                 Fire           0%         3d3       100%        8
 Lehudib's Crystal Spear  Conj/Erth      0%         10d2      100%        8
 Animate Armour           Summ/Erth      Unusable   N/A       N/A         4
 Summon Lightning Spire   Summ/Air       Unusable   N/A       N/A         4
 Spellforged Servitor     Conj/Summ      Unusable   N/A       N/A         7

Dungeon Overview and Level Annotations

Branches:
Dungeon (15/15)            Temple (1/1) D:6            Lair (5/5) D:10
 Shoals (4/4) Lair:3       Spider (4/4) Lair:2        Slime (0/5) Lair:4
    Orc (2/2) D:9             Elf (3/3) Orc:2        Vaults (1/5) D:13
 Depths (0/4) D:15          IceCv (visited)         Gauntlet (visited)

Altars:
Ashenzari
Cheibriados
Dithmenos
Elyvilon
Fedhas
Gozag
Hepliaklqana
Kikubaaqudgha
Makhleb
Nemelex Xobeh
Okawaru
Qazlal
Ru
Sif Muna
Trog
Uskayaw
Vehumet
Wu Jian
Xom
Yredelemnul
Zin
The Shining One

Shops:
D:9 *   D:15 =   Orc:2 :[:[=   Elf:1 :   Elf:2 **

Portals:
Trove: Elf:2 (give +4 fire dragon scales)

Annotations:
Elf:2 6 runed translucent doors, exclusion: obsidian statue, Suiczaw's ghost, adept GrFi
Vaults:1 Zenata


Innate Abilities, Weirdness & Mutations

You cannot be hasted, slowed, berserked, paralysed or teleported.
You can dig through walls and to a lower floor.
You have a pair of large antennae on your head. (SInv)
Your four strong arms can wield two-handed weapons with a shield.
You occasionally lose the ability to drink potions when taking damage.


Message History

The +2 hand axe of flaming hits you but does no damage.
The +1 vorpal battleaxe hits you!
You block the +3 antimagic battleaxe's attack.
The +1 vorpal halberd hits you but does no damage.
Zenata barely misses you.
You slice Zenata!!
The +2 hand axe of flaming hits you but does no damage.
The +1 vorpal battleaxe hits you.
You block the +3 antimagic battleaxe's attack.
The +1 vorpal halberd hits you but does no damage.
The +2 hand axe of flaming hits you but does no damage.
The +1 vorpal battleaxe hits you! The +3 antimagic battleaxe hits you.
You feel your power leaking away. You block Zenata's attack.
You slice Zenata!! The +2 hand axe of flaming hits you.
The +2 hand axe of flaming burns you.
The +1 vorpal halberd closely misses you.
The +1 vorpal battleaxe hits you!!
You block the +3 antimagic battleaxe's attack.
You block the +2 hand axe of flaming's attack.
The +1 vorpal halberd hits you!
You closely miss Zenata.
The +2 hand axe of flaming closely misses you.
The +1 vorpal halberd hits you! The +1 vorpal battleaxe hits you!
* * * LOW HITPOINT WARNING * * *
You block the +3 antimagic battleaxe's attack.
Zenata hits you with a +2 bardiche of venom!!
You feel threatened and lose the ability to drink potions!
* * * LOW HITPOINT WARNING * * *
Okay, then.
Are you sure you want to shaft yourself?
The +2 hand axe of flaming hits you but does no damage.
You block the +1 vorpal halberd's attack.
The +1 vorpal battleaxe barely misses you.
The +2 hand axe of flaming barely misses you.
You block the +3 antimagic battleaxe's attack.
The +1 vorpal halberd hits you!
* * * LOW HITPOINT WARNING * * *
x2 The +1 vorpal battleaxe hits you!
You die...

..... .... .....
.... .....
..............#
.... .....
..............!#
.... .....
...............#
.... #####
#..............#
. {
#..............#
#.......(a.....#
### {
#......((@......
.>. { {
#......(((......
'##
#.......##'#####
#.......# ..#
#.......# #..# {
#.......# #... {
#.......# .>.
###### #.......#
...... .......#


You could see Zenata and 6 dancing weapons.

Vanquished Creatures
  Nikola (Shoals:1)
  Arachne (Arena)
  Rupert (D:13)
  Jorgrun (D:14)
  Gastronok (Lair:3)
  3 deep elf master archers (Elf:3)
  3 deep elf blademasters (Elf:3)
  Agnes (D:15)
  Polyphemus (Shoals:3)
  Donald (Shoals:1)
  Ilsuiw (Shoals:2)
  An orc warlord (Arena)
  8 emperor scorpions
  9 ghost moths
  4 deep elf sorcerers
  Louise (D:14)
  Aizul (Shoals:3)
  7 deep elf elementalists (Elf:3)
  An ironbound preserver (Vaults:1)
  A reaper (IceCv)
  A broodmother (Spider:2)
  12 deep elf annihilators (Elf:3)
  8 deep elf demonologists
  4 entropy weavers
  A minotaur (Gauntlet)
  Azrael (D:15)
  4 spark wasps
  Snorg (Orc:2)
  6 deep elf death magi (Elf:3)
  7 merfolk javelineers
  2 great orbs of eyes
  7 merfolk impalers
  The ghost of Kotami the Carver, a journeyman OpFi of Dithmenos (Lair:2)
  8 deep elf high priests
  A rakshasa (D:15)
  8 hydras
  A jorogumo (Spider:2)
  7 boulder beetles
  5 merfolk avatars
  5 merfolk aquamancers
  2 ironbound frosthearts (Vaults:1)
  4 ogre magi (Orc:2)
  14 two-headed ogres
  4 centaur warriors
  A catoblepas (Shoals:3)
  4 death yaks (Shoals:3)
  A radroach (Spider:4)
  An alligator snapping turtle (Shoals:4)
  2 tengu warriors
  An orc high priest (Elf:3)
  4 satyrs
  12 dancing weapons
  Urug (D:13)
  10 deep elf knights
  11 sea snakes
  5 pharaoh ants
  5 steelbarb worms
  3 deep trolls (Vaults:1)
  An orange crystal statue (Gauntlet)
  9 deep elf archers
  13 orb spiders
  A glowing orange brain (Vaults:1)
  A wizard (D:10)
  A lindwurm (shapeshifter) (D:15)
  5 ugly things
  2 orc knights (D:9)
  23 deep elf pyromancers
  15 harpies
  2 orc sorcerers
  10 manticores
  18 deep elf zephyrmancers
  20 wolf spiders
  9 cyclopes
  14 fauns
  6 black mambas
  3 moths of wrath
  14 elephants
  4 water nymphs
  2 ice statues (IceCv)
  9 merfolk sirens
  3 torpor snails
  A vault sentinel (Vaults:1)
  A guardian serpent (shapeshifter) (D:15)
  17 cane toads
  2 efreet
  7 rime drakes
  4 demonic crawlers
  A freezing wraith (IceCv)
  4 yaktaurs (Vaults:1)
  3 kobold demonologists (D:14)
  2 unseen horrors
  14 komodo dragons
  4 ice devils (IceCv)
  A tengu conjurer (D:15)
  38 merfolk
  8 trolls
  17 tarantellas
  5 polar bears
  6 wind drakes
  8 slime creatures
  9 hornets
  A raiju (shapeshifter) (D:14)
  Prince Ribbit (D:7)
  7 snapping turtles
  21 dream sheep
  29 blink frogs
  18 jumping spiders
  30 yaks
  24 culicivoras
  12 spriggans (Lair:5)
  16 water elementals
  A spriggan (shapeshifter) (Elf:1)
  A vampire (D:12)
  6 air elementals
  2 dire elephant simulacra (IceCv)
  4 shadows
  A wraith (D:12)
  A steam dragon (D:10)
  16 humans
  7 basilisks
  46 redbacks
  6 fire elementals
  4 vampire mosquitoes
  Menkaure (D:6)
  A death yak simulacrum (IceCv)
  2 harpy simulacra (IceCv)
  5 wargs
  An acid dragon (D:12)
  12 water moccasins
  2 hell hounds (D:15)
  2 ice beasts
  22 orc warriors
  A sky beast (D:7)
  3 black bears
  5 boggarts (Lair:5)
  23 ogres
  27 wolves
  13 centaurs
  2 phantoms
  3 kobold brigands
  An earth elemental (Elf:1)
  6 scorpions
  16 bullfrogs
  A cane toad simulacrum (IceCv)
  A two-headed ogre simulacrum (IceCv)
  5 gnoll sergeants
  11 wights
  An elephant simulacrum (IceCv)
  23 killer bees
  11 electric eels
  6 howler monkeys
  A jelly (D:6)
  Crazy Yiuf (D:7)
  2 hounds (D:6)
  2 gnoll boudas
  13 orc priests
  4 iguanas
  23 orc wizards
  2 troll simulacra (IceCv)
  5 spriggan simulacra (IceCv)
  31 gnolls
  7 adders
  2 naga simulacra (IceCv)
  2 white imps
  2 ufetubi
  5 worms (D:2)
  3 dart slugs
  51 orcs
  8 ball pythons
  6 bats
  5 endoplasms
  8 giant cockroaches
  6 goblins
  9 hobgoblins
  9 jackals
  20 kobolds
  A quokka (D:1)
  2 frilled lizards (D:1)
  8 rats
1259 creatures vanquished.

Vanquished Creatures (others)
  A deep elf annihilator (Elf:3)
  A deep elf knight (Elf:1)
  A deep elf zephyrmancer (Elf:1)
  A merfolk (Shoals:1)
  2 redbacks
  2 orc wizards (D:4)
  33 fungi
  129 plants
  4 toadstools (D:1)
174 creatures vanquished.

Grand Total: 1433 creatures vanquished

Notes
Turn   | Place    | Note
-------+----------+-------------------------------------------
     0 | D:1      | Colgate the Formicid Hunter began the quest for the Orb.
     0 | D:1      | Reached XP level 1. HP: 16/16 MP: 1/1
   116 | D:1      | Reached XP level 2. HP: 23/23 MP: 2/2
   210 | D:1      | Reached skill level 3 in Fighting
   406 | D:1      | Reached XP level 3. HP: 29/29 MP: 3/3
   834 | D:2      | Reached XP level 4. HP: 37/37 MP: 4/4
   922 | D:2      | Reached skill level 1 in Staves
  1099 | D:2      | Reached skill level 4 in Fighting
  1307 | D:3      | Reached XP level 5. HP: 42/42 MP: 5/5
  1548 | D:3      | Reached skill level 5 in Fighting
  1574 | D:3      | Found a hide-covered altar of Uskayaw.
  1959 | D:3      | Found a faded altar of an unknown god.
  1962 | D:3      | Prayed at the altar of an unknown god.
  1962 | D:3      | Became a worshipper of Warmaster Okawaru
  1962 | D:3      | Reached * piety under Okawaru
  2001 | D:4      | Reached XP level 6. HP: 51/51 MP: 6/6
  2146 | D:4      | Found a sacrificial altar of Ru.
  2172 | D:4      | Reached skill level 1 in Evocations
  2303 | D:4      | Reached skill level 1 in Invocations
  2923 | D:4      | Reached XP level 7. HP: 56/57 MP: 7/7
  3171 | D:5      | Entered Level 5 of the Dungeon
  3265 | D:5      | Reached ** piety under Okawaru
  3324 | D:5      | Reached skill level 5 in Staves
  3455 | D:5      | Reached skill level 1 in Armour
  3564 | D:5      | Reached XP level 8. HP: 64/64 MP: 8/8
  4020 | D:6      | Reached skill level 5 in Armour
  4069 | D:6      | Noticed Menkaure
  4131 | D:6      | Reached *** piety under Okawaru
  4417 | D:6      | Found a staircase to the Ecumenical Temple.
  4424 | Temple   | Entered the Ecumenical Temple
  4669 | D:6      | Noticed a troll
  4677 | D:6      | Killed a troll
  4678 | D:6      | Reached XP level 9. HP: 36/69 MP: 9/9
  5072 | D:6      | Reached skill level 5 in Axes
  5385 | D:6      | Killed Menkaure
  6236 | D:6      | Reached skill level 6 in Fighting
  6467 | D:7      | Noticed Prince Ribbit
  6474 | D:7      | Killed Prince Ribbit
  6474 | D:7      | Reached **** piety under Okawaru
  6475 | D:7      | Reached skill level 7 in Fighting
  6909 | D:7      | Found a runed translucent door.
  6910 | D:7      | Noticed Crazy Yiuf
  6984 | D:7      | Reached XP level 10. HP: 45/80 MP: 9/12
  7227 | D:7      | Reached skill level 5 in Invocations
  7726 | D:7      | Killed Crazy Yiuf
  7727 | D:7      | Reached skill level 1 in Shields
  7818 | D:7      | Found a shimmering altar of Xom.
  8185 | D:8      | Reached skill level 8 in Fighting
  8797 | D:8      | Found a bloodstained altar of Trog.
  8837 | D:8      | Found a hazy altar of Hepliaklqana.
  8963 | D:8      | Reached ***** piety under Okawaru
  9065 | D:8      | Reached skill level 9 in Fighting
 10227 | D:8      | Received a gift from Okawaru
 10466 | D:8      | Reached XP level 11. HP: 80/89 MP: 15/17
 11177 | D:9      | Found an opulent altar of Gozag.
 11200 | D:9      | Found Gozag's Platinum Reserve.
 12504 | D:9      | Found a staircase to the Orcish Mines.
 12838 | D:9      | Noticed a deep elf zephyrmancer
 12844 | D:9      | Killed a deep elf zephyrmancer
 12845 | D:9      | Reached skill level 10 in Invocations
 13519 | D:9      | Found a staircase to the Orcish Mines.
 13533 | D:9      | Found Gozag's Platinum Reserve.
 13534 | D:9      | Found an opulent altar of Gozag.
 13969 | D:10     | Entered Level 10 of the Dungeon
 14584 | D:10     | Found a staircase to the Lair.
 14699 | D:10     | Noticed a wizard
 14733 | D:10     | Killed a wizard
 14734 | D:10     | Reached skill level 5 in Evocations
 15507 | D:10     | Found a shimmering blue altar of Sif Muna.
 15822 | D:11     | Noticed a boulder beetle
 15842 | D:11     | Killed a boulder beetle
 16010 | D:11     | Noticed a cyclops
 16090 | D:10     | HP: 4/90 [poisoned by a killer bee]
 16093 | D:10     | HP: 1/90 [poisoned by a killer bee]
 16507 | D:10     | Found a staircase to the Lair.
 16996 | D:10     | Found a shimmering blue altar of Sif Muna.
 17273 | D:11     | Noticed a four-headed hydra
 17284 | D:11     | Killed a one-headed hydra
 17284 | D:11     | Identified the +6 hand crossbow of Distant Worlds {flame,
                  | rN+ Will+ Stlth+} (Okawaru gifted it to you on level 11 of
                  | the Dungeon)
 17284 | D:11     | Received a gift from Okawaru
 17558 | D:11     | Found a bloodstained altar of Trog.
 17673 | D:11     | Killed a cyclops
 17914 | D:11     | Noticed a two-headed ogre
 17921 | D:11     | Killed a two-headed ogre
 17922 | D:11     | Reached XP level 12. HP: 97/97 MP: 11/19
 18101 | D:11     | Identified the +7 chain mail of a Gauntlet {Str+3}
 18171 | D:11     | Reached skill level 10 in Axes
 18369 | Lair:1   | Entered Level 1 of the Lair of Beasts
 18735 | Lair:1   | Reached skill level 10 in Fighting
 18755 | Lair:1   | Found a frozen archway.
 18768 | IceCv    | Entered an ice cave
 19121 | IceCv    | Received a gift from Okawaru
 19310 | IceCv    | Reached skill level 11 in Fighting
 19871 | IceCv    | Noticed a reaper
 19898 | IceCv    | Killed a reaper
 19899 | IceCv    | Reached skill level 12 in Fighting
 20896 | Lair:1   | Reached XP level 13. HP: 108/108 MP: 20/20
 21113 | Lair:1   | Noticed a five-headed hydra
 21120 | Lair:1   | Killed a three-headed hydra
 21642 | Lair:2   | Found a hole to the Spider Nest.
 21794 | Lair:2   | Reached skill level 13 in Fighting
 22222 | Lair:2   | Noticed a four-headed hydra
 22227 | Lair:2   | Killed a one-headed hydra
 22434 | Lair:2   | Received a gift from Okawaru
 23028 | Lair:2   | Found a runed translucent door.
 23032 | Lair:2   | Noticed Kotami's ghost (journeyman OpFi)
 23914 | Lair:3   | Found a gate leading to a gauntlet.
 23930 | Gauntlet | Entered a Gauntlet
 23930 | Gauntlet | Found a runed translucent door.
 23930 | Gauntlet | Found a transporter.
 23930 | Gauntlet | Found a runed translucent door.
 23930 | Gauntlet | Found a transporter.
 23940 | Gauntlet | Found a transporter.
 23943 | Gauntlet | Found a transporter.
 23954 | Gauntlet | Found a transporter.
 23954 | Gauntlet | Found a transporter.
 23962 | Gauntlet | Found a transporter.
 23980 | Gauntlet | Found a transporter.
 23997 | Gauntlet | Found a transporter.
 24000 | Gauntlet | Found a transporter.
 24010 | Gauntlet | Found a transporter.
 24013 | Gauntlet | Found a transporter.
 24125 | Gauntlet | Received a gift from Okawaru
 24338 | Gauntlet | Got the Commentary on Molten Concussion
 24672 | Gauntlet | Identified the amulet "Iseasiat" {Spirit Drain *Slow rPois
                  | Regen+}
 24720 | Gauntlet | Identified the +6 short sword "Kismilya" {vorpal, rPois rC+
                  | rN+ Stlth+}
 24720 | Gauntlet | Noticed a minotaur
 24733 | Gauntlet | Killed a minotaur
 24791 | Gauntlet | Got the Almanac of the Lofty Stinger
 24893 | Lair:3   | Reached XP level 14. HP: 118/118 MP: 21/21
 24924 | Lair:3   | Noticed Gastronok
 24985 | Lair:3   | Killed Gastronok
 25203 | Lair:3   | Reached ****** piety under Okawaru
 25302 | Lair:3   | Reached skill level 14 in Fighting
 25604 | Lair:3   | Found a staircase to the Shoals.
 25731 | Lair:4   | Identified the +9 great sword of Nalu {speed, rElec Str-4
                  | Int+3 SInv} (Okawaru gifted it to you on level 4 of the
                  | Lair of Beasts)
 25731 | Lair:4   | Received a gift from Okawaru
 25828 | Lair:4   | Reached skill level 1 in Long Blades
 26098 | Lair:4   | Identified the +2 dagger of Karma {antimagic, *Slow rF+
                  | Str+2 Dex+7}
 26360 | Lair:4   | Reached skill level 5 in Long Blades
 27166 | Lair:4   | Found a staircase to the Slime Pits.
 27786 | Lair:4   | Found a staircase to the Slime Pits.
 28175 | Lair:5   | Entered Level 5 of the Lair of Beasts
 28238 | Lair:5   | Received a gift from Okawaru
 28500 | Lair:5   | Reached XP level 15. HP: 101/127 MP: 16/22
 28912 | Lair:5   | Received a gift from Okawaru
 29112 | Lair:5   | Reached skill level 10 in Long Blades
 30330 | Orc:1    | Entered Level 1 of the Orcish Mines
 30369 | Orc:1    | Noticed an orc warlord
 30397 | Arena    | Entered the Arena
 30415 | Arena    | Killed an orc warlord
 31280 | Orc:2    | Entered Level 2 of the Orcish Mines
 31283 | Orc:2    | Found a staircase to the Elven Halls.
 31305 | Orc:2    | Received a gift from Okawaru
 31332 | Orc:2    | Found a burning altar of Makhleb.
 31651 | Orc:2    | Noticed Snorg
 31660 | Orc:2    | Killed Snorg
 31990 | Orc:2    | Reached XP level 16. HP: 134/134 MP: 23/23
 31996 | Orc:2    | Found Vubb's Antique Armour Shoppe.
 31996 | Orc:2    | Found Keuhiw's Armour Boutique.
 31997 | Orc:2    | Found Coeney's Book Shop.
 31997 | Orc:2    | Found Mih Vept's Book Shoppe.
 32044 | Orc:2    | Found Dan Juew's Jewellery Boutique.
 32203 | Orc:2    | Found a burning altar of Makhleb.
 32273 | Orc:2    | Found Dan Juew's Jewellery Boutique.
 32308 | Orc:2    | Found Mih Vept's Book Shoppe.
 32308 | Orc:2    | Found Keuhiw's Armour Boutique.
 32309 | Orc:2    | Found Coeney's Book Shop.
 32309 | Orc:2    | Found Vubb's Antique Armour Shoppe.
 32405 | Orc:2    | Found a staircase to the Elven Halls.
 32817 | Orc:2    | Bought a +4 ring of protection for 396 gold pieces
 33649 | D:13     | Noticed Urug
 33649 | D:13     | Noticed Rupert
 33649 | D:13     | Noticed Nessos
 33649 | D:13     | Found a gate to the Vaults.
 33659 | D:13     | Killed Urug
 34005 | D:13     | You fall into a shaft and drop 2 floors!
 34005 | D:15     | Entered Level 15 of the Dungeon
 34123 | D:15     | Noticed Azrael
 34125 | D:15     | Noticed Agnes
 34138 | D:15     | Killed Agnes
 34144 | D:15     | Identified the +6 quarterstaff of Obsession {venom, rPois
                  | rN+} (Okawaru gifted it to you on level 15 of the Dungeon)
 34144 | D:15     | Received a gift from Okawaru
 34156 | D:15     | Killed Azrael
 34377 | D:15     | Found Jegeedus's Jewellery Emporium.
 34435 | D:15     | Bought the ring of Yredelemnul, Forging {rF+ rC- AC+4
                  | Str+5} for 749 gold pieces
 34435 | D:15     | Bought a +4 ring of protection for 504 gold pieces
 34718 | D:14     | Reached skill level 15 in Long Blades
 34940 | D:13     | Noticed Nessos
 34940 | D:13     | Nessos changed into Nessos the jumping spider
 34945 | D:13     | Killed Nessos the jumping spider
 34972 | D:13     | Killed Rupert
 34973 | D:13     | Reached skill level 5 in Shields
 35104 | D:13     | Received a gift from Okawaru
 35448 | D:14     | Noticed Louise
 35453 | D:14     | Noticed Jorgrun
 35457 | D:14     | Killed Louise
 35470 | D:14     | Killed Jorgrun
 35471 | D:14     | Reached skill level 15 in Fighting
 36082 | D:15     | Found a glowing golden altar of the Shining One.
 36676 | D:15     | Found a staircase to the Depths.
 36849 | Spider:1 | Entered Level 1 of the Spider Nest
 36896 | Spider:1 | Reached skill level 16 in Fighting
 37556 | Spider:1 | Reached XP level 17. HP: 144/144 MP: 24/24
 37876 | Spider:1 | Received a gift from Okawaru
 37891 | Spider:1 | Reached skill level 10 in Armour
 40150 | Spider:1 | Reached skill level 17 in Fighting
 41244 | Spider:2 | Received a gift from Okawaru
 42847 | Spider:3 | Reached skill level 10 in Shields
 43020 | Spider:2 | Reached XP level 18. HP: 139/156 MP: 20/25
 43678 | Spider:4 | Entered Level 4 of the Spider Nest
 44011 | Spider:4 | Reached skill level 18 in Fighting
 44273 | Spider:4 | Received a gift from Okawaru
 44760 | Spider:4 | Noticed Arachne
 44761 | Arena    | Entered the Arena
 44776 | Arena    | Killed Arachne
 45055 | Spider:4 | Reached skill level 19 in Fighting
 45155 | Spider:4 | Identified the +0 hat of the Terrible God {rC+ Will+}
 45181 | Spider:4 | Got a gossamer rune of Zot
 45380 | Shoals:1 | Entered Level 1 of the Shoals
 45705 | Shoals:1 | Received a gift from Okawaru
 46193 | Shoals:1 | Noticed Nikola
 46244 | Shoals:1 | Killed Nikola
 46598 | Shoals:1 | Noticed Donald
 46612 | Shoals:1 | Killed Donald
 46854 | Shoals:2 | Noticed Ilsuiw
 46881 | Shoals:2 | Killed Ilsuiw
 46978 | Arena    | Entered the Arena
 47545 | Shoals:2 | Reached XP level 19. HP: 151/167 MP: 20/26
 48570 | Shoals:2 | Reached skill level 20 in Fighting
 51090 | Shoals:3 | Identified the +10 shortbow "Xuoxzeom" {flame, Dex+4}
 51203 | Shoals:3 | Noticed Aizul
 51218 | Shoals:3 | Killed Aizul
 51335 | Shoals:3 | Noticed Polyphemus
 51360 | Shoals:3 | Killed Polyphemus
 51855 | Shoals:4 | Entered Level 4 of the Shoals
 52045 | Shoals:4 | Identified the +3 tower shield of the Devil's Advocate
                  | {Int+6} (Okawaru gifted it to you on level 4 of the Shoals)
 52045 | Shoals:4 | Received a gift from Okawaru
 52172 | Shoals:4 | Reached skill level 5 in Stealth
 53334 | Shoals:4 | Got a barnacled rune of Zot
 53834 | Shoals:4 | Reached skill level 10 in Evocations
 53897 | Shoals:4 | Identified the +0 hat "Gaufiyd" {rF++ Int+2}
 54878 | Lair:3   | Found a staircase to the Shoals.
 55187 | Lair:2   | Killed Kotami's ghost
 55300 | Elf:1    | Entered Level 1 of the Elven Halls
 55473 | Elf:1    | Noticed a Tzitzimitl
 55477 | Orc:2    | Noticed a Tzitzimitl
 55484 | Orc:2    | Reached XP level 20. HP: 145/176 MP: 20/27
 56303 | Elf:1    | Found Razihif's Book Boutique.
 57190 | Elf:2    | Found a portal to a secret trove of treasure.
 57222 | Elf:2    | Reached skill level 21 in Fighting
 57409 | Elf:2    | Received a gift from Okawaru
 57424 | Elf:2    | Found a runed translucent gate.
 57425 | Elf:2    | Found a runed translucent gate.
 57425 | Elf:2    | Found a runed translucent gate.
 57771 | Elf:2    | Found a runed translucent gate.
 57771 | Elf:2    | Found a runed translucent gate.
 57771 | Elf:2    | Found a runed translucent gate.
 57774 | Elf:2    | Found an opulent altar of Gozag.
 57776 | Elf:2    | Found Ryst's Assorted Antiques.
 57974 | Elf:2    | Found Yheab's Assorted Antiques.
 57974 | Elf:2    | Noticed Suiczaw's ghost (adept GrFi)
 58073 | Elf:2    | Reached skill level 15 in Shields
 58216 | Elf:3    | Entered Level 3 of the Elven Halls
 59250 | Elf:3    | Gained mutation: You occasionally lose the ability to drink
                  | potions when taking damage. [a neqoxec]
 59909 | Elf:3    | Identified the +2 scale mail "Jialui" {Harm Str+2 Slay+6}
 59987 | Elf:3    | Identified the +4 chain mail of Xeuj {rPois rC- Regen+
                  | Dex+4}
 60016 | Elf:3    | Identified the +0 ring mail of the Arena {rF+ Str-5 Int+3}
                  | (Okawaru gifted it to you on level 3 of the Elven Halls)
 60016 | Elf:3    | Received a gift from Okawaru
 60209 | Elf:3    | Reached XP level 21. HP: 143/186 MP: 20/28
 60229 | Elf:3    | Identified the +6 morningstar of World Downfall {speed,
                  | rCorr Int+5}
 60569 | Elf:3    | Identified the +5 sling "Lifunomy" {vorpal, *Corrode rF+
                  | Str+2 Dex+2}
 60839 | Elf:3    | Reached skill level 15 in Armour
 61126 | Elf:3    | Identified the +0 pair of gloves of Bedevilment {rF- rCorr
                  | Dex+3}
 61330 | Elf:3    | Identified the +7 chain mail "Amanocus" {Dex+3}
 61491 | Orc:2    | Bought shiny fire dragon scales for 1953 gold pieces
 61606 | Vaults:1 | Entered Level 1 of the Vaults
 62232 | Vaults:1 | Noticed Zenata
 62243 | Vaults:1 | Slain by a +1 vorpal battleaxe

Illustrated notes

Levels and vault maps discovered:
D:1:      ldierk_walled_garden_2, layout_rooms, serial_aquarium,
          aquarium_bridge_island_small [aquarium_subvault_small_water,
          aquarium_subvault_bridge, aquarium_subvault_bridge,
          aquarium_subvault_bridge, aquarium_subvault_window],
          aquarium_window_corridor_1, aquarium_window_corner,
          aquarium_window_fake, aquarium_window_2, aquarium_view_2b,
          aquarium_pool_2, minmay_hedge_maze
D:2:      minmay_recursive_quarters, layout_rooms
D:3:      layout_rooms, nicolae_uskayaw_murder_on_the_dancefloor,
          hellmonk_ecumenical_altar_inner_sanctum
D:4:      layout_cave_pods, nicolae_ru_awakened_eye
D:5:      layout_cave_pools
D:6:      layout_loops_cross, minmay_temple_entry_wispy,
          minmay_chambers_of_fives, uniq_menkaure
D:7:      layout_cave_pools, tgw_xom, enter_bailey_2, serial_gnoll_camp,
          gnoll_camp_mini_hut, gnoll_camp_mini_hut, gnoll_camp_mini_hut,
          gnoll_camp_mini_sergeant, uniq_crazy_yiuf_cottage, uniq_prince_ribbit1
D:8:      layout_basic, hangedman_feature_mirror
D:9:      layout_stronghold, nicolae_gozag_zags_fifth_avenue, orc_0_dummy,
          guppyfry_early_elven_hall
D:10:     layout_loops_ring, tgw_sif, david_lair_shrubbed
D:11:     layout_irregular_city, trog_hazing_becter
D:12:     layout_basic
D:13:     layout_long_grid, david_vaults_3
D:14:     layout_irregular_city, minmay_misc_feat_rows, drop_trap,
          serial_bayou_lake_a, uniq_louise, uniq_jorgrun
D:15:     gammafunk_enter_depths_forms, layout_long_grid, serial_shops,
          shop_coins, nicolae_tso_carved_into_rock, uniq_agnes, uniq_azrael
Temple:   nicolae_temple_bog_church
Lair:1:   layout_cave_pods, portal_ice_cave_rime, dpeg_stationary_puzzle,
          grunt_megastairs_5
Lair:2:   nzn_winding_woodlands_medium [nzn_winding_woodlands_5x5_cross,
          nzn_winding_woodlands_5x15_jagged, nzn_winding_woodlands_5x5_default,
          nzn_winding_woodlands_5x5_closed_star,
          nzn_winding_woodlands_center_diamonds,
          nzn_winding_woodlands_5x5_default, nzn_winding_woodlands_5x5_default,
          nzn_winding_woodlands_5x15_crooked,
          nzn_winding_woodlands_5x5_checkerboard], layout_gridlike,
          spider_nest_entry_a, ebering_ghost_inner_flame
Lair:3:   layout_cellular_growth, elwin_shoals_entry_rooms,
          gauntlet_entry_generic, beast_lair_carwin_3, serial_bayou_shore_a,
          uniq_gastronok, uniq_urug
Lair:4:   layout_layer_cave, dpeg_slime_entry_enclosed
Lair:5:   minmay_lair_end_enchanted_forest, layout_misc_corridors,
          lemuel_fruit_fields
Shoals:1: layout_shoals, nicolae_shoals_wave_tunnel, uniq_nikola, uniq_donald
Shoals:2: layout_shoals, nicolae_shoals_hunting_party, uniq_ilsuiw
Shoals:3: layout_shoals, uniq_aizul, uniq_polyphemus
Shoals:4: shoals_end_simple, layout_shoals
Spider:1: layout_spider_delve
Spider:2: layout_cave_pods, nicolae_spider_wall_of_niches
Spider:3: layout_spider_delve
Spider:4: spider_rune_water, hangedman_spider_tarantella_strand, uniq_arachne
Orc:1:    layout_caves, nicolae_orc_flooded_monolith
Orc:2:    st_orc_ogre_mass, layout_diamond_mine, serial_shops, shop,
          bloody_makhleb, uniq_snorg
Elf:1:    layout_gridlike, serial_shops, nicolae_shop_stone,
          minmay_elf_demonology, grunt_megastairs_4
Elf:2:    nicolae_elf_blades_splatter_lattice
          [nicolae_blade_entry_area_security], layout_loops_ring,
          nicolae_trove_entry_isolated, ebering_ghost_gozag
Elf:3:    nooodl_elf_gasket, layout_geoelf_castle, minivault_4
Vaults:1: nicolae_vaults_big_ls, grunt_vaults_focal, vaults_room_guarded_vault,
          nicolae_vaults_asterisk, vaults_room_hallway,
          ontoclasm_vaults_ring_small, nicolae_vaults_specimen_jars,
          layout_vaults_omnigrid, uniq_zenata

Skill      XL: |  1  2  3  4  5  6  7  8  9 10 11 12 13 14 15 16 17 18 19 20 21 |
---------------+----------------------------------------------------------------+-----
Stealth        | 2 6 7 |  7.0
Fighting       | 3 4 5 7 9 12 13 14 16 17 19 20 21 | 21.5
Staves         | 2 3 5 |  5.0
Evocations     | 1 3 5 7 8 9 11 13 | 13.0
Invocations    | 1 3 8 10 | 10.3
Armour         | 2 5 7 9 11 13 15 | 15.2
Axes           | 4 7 9 11 12 13 | 13.0
Shields        | 4 6 10 13 15 | 15.0
Long Blades    | 8 13 15 | 15.0
Dodging        | 4 |  4.5
Ranged Weapons | |  4.0

Action                   |  1- 3 |  4- 6 |  7- 9 | 10-12 | 13-15 | 16-18 | 19-21 || total
-------------------------+-------+-------+-------+-------+-------+-------+-------++-------
Melee: Quarterstaff      |     8 |    49 |    64 |       |       |       |       ||   121
       Punch             |       |     1 |     2 |       |       |       |       ||     3
       Battleaxe         |       |       |    71 |   456 |   620 |    67 |       ||  1214
       Great sword       |       |       |       |       |   221 |  1017 |   825 ||  2063
 Fire: Shortbow          |    48 |   127 |    79 |   123 |       |       |       ||   377
       Hand crossbow     |       |       |       |    72 |   203 |   369 |   415 ||  1059
Throw: Javelin           |       |       |       |       |       |       |     1 ||     1
Invok: Heroism           |       |       |     2 |     8 |    10 |    29 |    40 ||    89
       Finesse           |       |       |       |     3 |     1 |     4 |     1 ||     9
       Duel              |       |       |       |       |     1 |     2 |       ||     3
 Abil: Dig               |       |       |       |     1 |       |     3 |       ||     4
       Shaft Self        |       |       |       |       |       |       |     1 ||     1
Evoke: Wand              |       |       |       |       |     4 |    19 |     4 ||    27
       Tin of tremorston |       |       |       |       |       |     5 |     4 ||     9
       Lightning rod     |       |       |       |       |       |       |     4 ||     4
  Use: Potion            |       |     2 |       |     1 |     5 |     2 |     1 ||    11
       Scroll            |       |       |    15 |    12 |     6 |    10 |     1 ||    44
 Stab: Sleeping          |       |     1 |       |       |       |       |       ||     1
       Distracted        |       |       |     1 |       |     1 |       |       ||     2
       Invisible         |       |       |       |     1 |       |       |       ||     1
       Petrified         |       |       |       |       |     1 |       |     5 ||     6
Armor: Leather armour    |     6 |    11 |     1 |       |       |       |       ||    18
       Chain mail        |       |       |    97 |   306 |       |       |       ||   403
       Plate armour      |       |       |       |    14 |   487 |   935 |   480 ||  1916
Dodge: Dodged            |    13 |    30 |    69 |   179 |   194 |   245 |   213 ||   943
Block: Kite shield       |       |       |    19 |   369 |   584 |   700 |   480 ||  2152
       Reflection        |       |       |       |       |       |    49 |    83 ||   132
       Tower shield      |       |       |       |       |       |       |   191 ||   191
